 Dungeon Crawl Stone Soup version 0.29-a0-96-g93358da72b (webtiles) character file.

Game seed: 10732443561681723173

1353 Gargoyl the Slasher (level 8, -6/53 HPs)
             Began as a Gargoyle Abyssal Knight on Feb 12, 2022.
             Was a Believer of Lugonu.
             Mangled by a killer bee (7 damage)
             ... on level 6 of the Dungeon.
             The game lasted 00:08:16 (7519 turns).

Gargoyl the Slasher (Gargoyle Abyssal Knight)       Turns: 7519, Time: 00:08:16

Health: -6/53      AC: 18    Str: 21    XL:     8   Next: 63%
Magic:  8/9        EV:  6    Int:  9    God:    Lugonu [**....]
Gold:   312        SH: 12    Dex: 10    Spells: 7/7 levels left

rFire   + . .      SeeInvis .   a - +1 hand axe (freeze)
rCold   + + .      Faith    .   o - +0 kite shield
rNeg    + + .      Spirit   .   l - +0 chain mail
rPois   ∞          Reflect  +   (no helmet)
rElec   +          Harm     .   (no cloak)
rCorr   +          Rampage  .   (no gloves)
Will    .....                   f - +2 pair of boots of the Valley of Death {rN+ Str+2}
Stlth   ..........              m - amulet of reflection
HPRegen 0.17/turn               (no ring)
MPRegen 0.11/turn               (no ring)

@: resistant
A: sickness immunity, AC +5, negative energy resistance 1, electricity
resistance, torment resistance 1, petrification resistance, cold resistance 1,
dopey 1, robust 1
a: Renounce Religion, Depart the Abyss, Bend Space


You were on level 6 of the Dungeon.
You worshipped Lugonu.
Lugonu was pleased with you.
You visited 1 branch of the dungeon, and saw 7 of its levels.
You visited the Abyss 1 time.

You collected 312 gold pieces.

Inventory:

Hand Weapons
 a - a +1 hand axe of freezing (weapon)
 c - a +0 war axe
 d - a +3 vorpal falchion
Armour
 f - the +2 pair of boots of the Valley of Death (worn) {rN+ Str+2}
   (You acquired it on level 4 of the Dungeon)

   Str:       It affects your strength (+2).
   rN:        It protects you from negative energy.
 l - a +0 chain mail (worn)
 o - a +0 kite shield (worn)
Jewellery
 m - an amulet of reflection (around neck)
Wands
 b - a wand of iceblast (11)
 p - a wand of flame (32)
Scrolls
 e - a scroll of fog
 g - 4 scrolls of teleportation
 j - a scroll of magic mapping
 n - 2 scrolls of identify
Potions
 h - a potion of magic
 i - a potion of flight


   Skills:
 + Level 5.1 Fighting
 + Level 5.8 Long Blades
 + Level 1.9 Axes
 + Level 5.7 Armour
 + Level 2.3 Dodging
 + Level 3.6 Stealth
 + Level 1.7 Shields
 + Level 2.3 Invocations


You had 7 spell levels left.
You didn't know any spells.
Your spell library contained the following spells:

 Spells                   Type           Power      Damage    Failure   Level
 Ensorcelled Hibernation  Hex/Ice        0%         N/A       100%        2
 Gell's Gravitas          Tloc           0%         N/A       100%        3
 Ignite Poison            Fire/Tmut/Pois 0%         N/A       100%        3
 Lesser Beckoning         Tloc           0%         N/A       100%        3
 Mephitic Cloud           Conj/Pois/Air  0%         N/A       100%        3
 Spider Form              Tmut/Pois      0%         N/A       100%        3
 Teleport Other           Tloc           0%         N/A       100%        3
 Anguish                  Hex/Necr       0%         N/A       100%        4
 Freezing Cloud           Conj/Ice/Air   0%         6-21      100%        5
 Chain Lightning          Conj/Air       0%         N/A       100%        9
 Fire Storm               Conj/Fire      0%         5d1       100%        9
 Shatter                  Erth           0%         3d5*      100%        9


Dungeon Overview and Level Annotations

Branches:
Dungeon (7/15)             Temple (0/1) D:6

Altars:
Elyvilon
Hepliaklqana
Ru
Vehumet
Xom

Shops:
D:1 :


Innate Abilities, Weirdness & Mutations

You are immune to sickness and miasma.
Your stone body is resilient. (AC +5)
You are immune to poison.
You resist negative energy. (rN+)
You are resistant to electric shocks. (rElec)
You are resistant to unholy torment.
You are immune to petrification.
Your flesh is cold resistant. (rC+)
You are dopey. (Int -2)
You are robust. (+10% HP)


Message History

You hit the killer bee. You freeze the killer bee.
The killer bee is moderately wounded.
You closely miss the killer bee. You barely miss the killer bee.
You closely miss the killer bee. You miss the killer bee.
The killer bee barely misses you.
The killer bee stings you but does no damage.
You block the killer bee's attack. The killer bee stings you!
* * * LOW HITPOINT WARNING * * *
You block the killer bee's attack.
The killer bee stings you but does no damage. x2
The killer bee closely misses you. You block the killer bee's attack. x2
The killer bee stings you but does no damage.
The killer bee stings you.
* * * LOW HITPOINT WARNING * * *
The killer bee stings you.
* * * LOW HITPOINT WARNING * * *
You block the killer bee's attack.
The killer bee stings you but does no damage.
You block the killer bee's attack.
The killer bee stings you but does no damage. x3
There is a stone staircase leading up here.
The killer bee closely misses you. The killer bee barely misses you.
The killer bee stings you but does no damage. x2
You block the killer bee's attack. The killer bee barely misses you.
The killer bee stings you but does no damage.
You block the killer bee's attack.
You climb upwards.
There is a stone staircase leading down here.
Space bends around you!
You blink.
It was a potion of resistance.
You feel protected. The killer bee stings you.
* * * LOW HITPOINT WARNING * * *
Unknown command.
Okay, then.
Okay, then.
You block the killer bee's attack. The killer bee barely misses you.
The killer bee stings you but does no damage.
The killer bee stings you!
You die...

##..##....###≈≈§§§§≈§.
##>........'.....§..≈
#.........'...§..÷.§
##.........#≈≈§§≈§≈≈.
######..#.......#§§§§≈§§§≈
#....#.##......##≈≈§≈§≈§≈≈
#.......yyy....###≈§§≈§≈§≈
#....####.y.....###≈≈§≈§≈≈
###### #@......# ##§§§≈≈≈
#<......# ###§§§≈§
##.....## #.##§§≈≈
#.....## #..#####
#####.##### ###...).
#.....# ##......
#.###.#########.....>. #.#
##..≈≈≈≈≈..#...... #.#
#.§.§...≈.#......


You could see 4 killer bees.

Vanquished Creatures
  Grinder (D:3)
  Edmund (D:6)
  An acid dragon (D:6)
  Duvessa (D:4)
  A centaur (D:6)
  A scorpion (D:6)
  Dowan (D:4)
  A howler monkey (D:6)
  A bullfrog zombie (D:6)
  A centaur skeleton (D:4)
  A gnoll shaman (D:4)
  A jelly (D:4)
  A hound (D:4)
  4 iguanas
  5 orc wizards
  2 hound skeletons (D:4)
  9 adders
  A white imp (D:5)
  2 adder skeletons (D:4)
  5 worms
  A dart slug (D:2)
  13 orcs
  6 ball pythons
  3 bats (D:1)
  6 endoplasms
  4 giant cockroaches
  3 hobgoblins
  7 jackals
  2 quokkas
  5 goblins
  5 kobolds
  3 rats
99 creatures vanquished.

Vanquished Creatures (others)
  10 plants (D:4)
10 creatures vanquished.

Grand Total: 109 creatures vanquished

Notes
Turn   | Place    | Note
-------+----------+-------------------------------------------
     0 | Abyss:1  | Gargoyl the Gargoyle Abyssal Knight began the quest for the
                  | Orb.
     0 | Abyss:1  | Reached XP level 1. HP: 14/14 MP: 2/2
    67 | Abyss:1  | Noticed a will-o-the-wisp
    68 | D:1      | Escaped the Abyss
   245 | D:1      | Found Juyczot's Book Boutique.
   572 | D:1      | Reached XP level 2. HP: 19/19 MP: 3/3
   582 | D:1      | Reached * piety under Lugonu
  1606 | D:2      | Reached skill level 1 in Dodging
  1606 | D:2      | Reached XP level 3. HP: 22/24 MP: 4/4
  1663 | D:2      | Found a faded altar of an unknown god.
  1796 | D:2      | Reached skill level 1 in Long Blades
  1926 | D:2      | Reached skill level 1 in Stealth
  1926 | D:2      | Reached XP level 4. HP: 28/29 MP: 5/5
  2927 | D:3      | Found a shimmering altar of Xom.
  2989 | D:3      | Noticed Grinder
  2991 | D:3      | Paralysed by Grinder for 3 turns
  3011 | D:3      | Paralysed by Grinder for 3 turns
  3019 | D:3      | Killed Grinder
  3020 | D:3      | Reached XP level 5. HP: 11/33 MP: 6/6
  3020 | D:3      | Reached XP level 6. HP: 12/38 MP: 7/7
  3573 | D:4      | Reached ** piety under Lugonu
  3885 | D:4      | Identified a scroll of acquirement
  3885 | D:4      | Acquired the +2 pair of boots of the Valley of Death {rN+
                  | Str+2}
  4113 | D:4      | Reached XP level 7. HP: 40/44 MP: 8/8
  4573 | D:4      | Found a radiant altar of Vehumet.
  4655 | D:4      | Noticed Duvessa
  4655 | D:4      | Noticed Dowan
  4667 | D:4      | Killed Duvessa
  4673 | D:4      | Killed Dowan
  5020 | D:5      | Entered Level 5 of the Dungeon
  5654 | D:5      | Reached skill level 5 in Long Blades
  5658 | D:5      | Reached XP level 8. HP: 32/48 MP: 9/9
  6303 | D:6      | Reached skill level 5 in Armour
  6417 | D:6      | Gained mutation: You are robust. (+10% HP) [potion of
                  | mutation]
  6417 | D:6      | Gained mutation: Your flesh is cold resistant. (rC+)
                  | [potion of mutation]
  6417 | D:6      | Gained mutation: You are dopey. (Int -2) [potion of
                  | mutation]
  6522 | D:6      | Found a white marble altar of Elyvilon.
  6543 | D:6      | Found a sacrificial altar of Ru.
  6601 | D:6      | Found a staircase to the Ecumenical Temple.
  6757 | D:6      | Found a faded altar of an unknown god.
  6757 | D:6      | Noticed Edmund
  6758 | D:6      | Found a hazy altar of Hepliaklqana.
  6785 | D:6      | Killed Edmund
  6786 | D:6      | Reached skill level 5 in Fighting
  6786 | D:6      | Reached skill level 1 in Shields
  7517 | D:6      | HP: 1/53 [killer bee (4)]
  7519 | D:6      | Mangled by a killer bee

Illustrated notes

Levels and vault maps discovered:
D:1:      roderic_chinese_lattice_arrival, layout_loops_corners, serial_shops,
          nicolae_shop_hallway_plus, palyth_stone_intersect,
          grunt_decor_clamped, glass_columns_c
D:2:      layout_basic, ebering_ecumenical_altar_webs,
          kennysheep_generic_room_15
D:3:      layout_loops_ring, tgw_xom, uniq_grinder
D:4:      minmay_octagon_keep, layout_basic, nicolae_vehumet_altar_sigil,
          st_stairs_7, serial_bayou_lake_a, uniq_duvessa
D:5:      layout_cave_pods
D:6:      kennysheep_big_flooded_room, layout_rooms,
          beargit_hepliaklqana_dungeon_heroes, kennysheep_mini_moat,
          mainiacjoe_overflow_paths, minmay_temple_entry_offerings,
          cheibrodos_sewer_entry_bend, hangedman_decor_slide_cut,
          wad_floor_pattern_untrapped, minmay_misc_feat_roman
D:7:      layout_basic, amcnicky_altar_gilded, grunt_gozag_breadcrumbs,
          kennysheep_pointless_box, nicolae_concentric_dashed_squares_wild,
          corexii_checkpoint_a

Skill      XL: |  1  2  3  4  5  6  7  8 |
---------------+-------------------------+-----
Dodging        | 1 2 |  2.3
Long Blades    | 1 3 5 |  5.8
Stealth        | 1 2 3 |  3.6
Armour         | 3 4 5 |  5.7
Fighting       | 4 5 |  5.1
Shields        | 1 |  1.7
Axes           | |  1.9
Invocations    | |  2.3

Action                   |  1- 3 |  4- 6 |  7- 9 || total
-------------------------+-------+-------+-------++-------
Melee: Falchion          |    68 |   102 |   211 ||   381
       Hand axe          |     1 |       |     8 ||     9
       Punch             |       |       |     1 ||     1
Invok: Depart the Abyss  |     1 |       |       ||     1
       Bend Space        |       |       |     1 ||     1
  Use: Scroll            |     2 |     6 |     5 ||    13
       Potion            |       |     4 |     4 ||     8
 Stab: Sleeping          |       |     4 |       ||     4
       Distracted        |       |     1 |       ||     1
Armor: Leather armour    |    33 |    36 |       ||    69
       Chain mail        |       |    10 |   237 ||   247
Dodge: Dodged            |    75 |    56 |    99 ||   230
Block: Other             |       |       |    26 ||    26
       Kite shield       |       |       |    56 ||    56
       Reflection        |       |       |     2 ||     2

Table legend: (Time is in decaauts)
 A = Elapsed time spent in this place.
 B = Non-inter-level travel time spent in this place.
 C = Inter-level travel time spent in this place.
 D = Time resting spent in this place.
 E = Time spent auto-exploring this place.
 F = Levels seen in this place.
 G = Mean time per level.
                   A        B        C        D        E       F      G
               +--------+--------+--------+--------+--------+-----+--------+
         Total |   7619 |   7322 |    297 |    191 |   5942 |   8 |  952.4 |
       Dungeon |   7551 |   7254 |    297 |    191 |   5876 |   7 | 1078.7 |
         Abyss |     68 |     68 |      0 |      0 |     66 |   1 |   68.0 |
               +--------+--------+--------+--------+--------+-----+--------+

Top non-repeatable levels by time:
     D:4: 1586 daAuts
     D:5: 1266 daAuts
     D:6: 1236 daAuts
     D:2: 1218 daAuts
     D:1: 1149 daAuts
     D:3: 1078 daAuts
 Abyss:1: 68 daAuts
     D:7: 15 daAuts
